 Dungeon Crawl Stone Soup version 0.32-a0-872-g59262bdc9b (webtiles) character file.

Game seed: 12794174582497384159

525 Ajdolov the Cudgeller (level 7, -5/33 (39) HPs)
             Began as a Vine Stalker Monk on Mar 30, 2024.
             Slain by a wight
             ... wielding a +2 mace of protection
              (9 damage)
             ... on level 4 of the Dungeon.
             The game lasted 00:04:26 (2621 turns).

Ajdolov the Cudgeller (Vine Stalker Monk)           Turns: 2621, Time: 00:04:27

HP:   -5/33 (39)    AC:  7    Str: 15    XL:     7   Next: 22%
MP:   0/8           EV: 10    Int: 10    God:
Gold: 86            SH:  0    Dex: 17    Spells: 6/6 levels left

rFire   . . .        g - +0 flail (heavy)
rCold   . . .        d - orb {light}
rNeg    . . .        c - +0 ring mail
rPois   .            (no helmet)
rElec   .            (no cloak)
rCorr   .            e - +0 pair of gloves
SInv    .            a - +0 pair of boots
Will    .....        (no amulet)
Stlth   +            (no ring)
HPRegen 1.05/turn    (no ring)
MPRegen 0.11/turn

%: guardian spirit
@: glowing, heavily drained
A: fangs 2, regeneration 1, magic shield, antimagic bite, no potion heal 2
a: no special abilities


You were on level 4 of the Dungeon.
You visited 1 branch of the dungeon, and saw 4 of its levels.

You collected 125 gold pieces.
You spent 39 gold pieces at shops.

Inventory:

Hand Weapons
 g - a +0 heavy flail (weapon)
Missiles
 n - 6 boomerangs (quivered)
Armour
 a - a +0 pair of boots (worn)
 c - a +0 ring mail (worn)
 d - an orb of light (worn)
 e - a +0 pair of gloves (worn)
Jewellery
 l - a ring of fire
Scrolls
 b - a scroll of revelation {unknown}
 f - a scroll of poison {unknown}
 h - a scroll of amnesia {unknown}
 i - 3 scrolls of teleportation
 p - a scroll of vulnerability {unknown}
 q - a scroll of butterflies {unknown}
 s - a scroll of silence
 t - a scroll of noise
Potions
 j - 3 potions of cancellation {unknown}
 k - a potion of ambrosia
 m - a potion of resistance {unknown}
 o - a potion of heal wounds {unknown}


   Skills:
 - Level 5.0 Fighting
 + Level 6.0 Maces & Flails
 - Level 2.4 Dodging


You had 6 spell levels left.
You didn't know any spells.
Your spell library contained the following spells:

 Spells                   Type           Power      Damage    Failure   Level
 Apportation              Tloc           0%         N/A       58%         1
 Necrotise                Necr           0%         1d4       58%         1
 Sting                    Conj/Alch      0%         1d3       58%         1
 Summon Small Mammal      Summ           0%         N/A       58%         1
 Jinxbite                 Hex            0%         N/A       75%         2
 Inner Flame              Hex/Fire       0%         N/A       92%         3
 Brom's Barrelling Bould  Conj/Erth      0%         2d3       100%        4
 Alistair's Intoxication  Alch           0%         N/A       100%        5
 Fireball                 Conj/Fire      0%         3d3       100%        5
 Irradiate                Conj/Alch      0%         3d11      100%        5
 Iskenderun's Battlesphe  Conj           0%         2d6       100%        5
 Conjure Ball Lightning   Conj/Air       0%         3x3d6     100%        6
 Orb of Destruction       Conj           0%         9d5       100%        7
 Ignition                 Fire           0%         3d3       100%        8


Dungeon Overview and Level Annotations

Branches:
Dungeon (4/15)
 Temple: D:4-7

Altars:

Shops:
D:4 ?[


Innate Abilities, Weirdness & Mutations

You have extremely sharp teeth.
Your natural rate of healing is unusually fast.
When hurt, damage is shared between your health and your magic reserves.
Your bite disrupts and absorbs the magic of your enemies.
Potions cannot restore your health.


Message History

The adder is heavily wounded.
The adder closely misses you. x2; The adder barely misses you.
An adder is nearby!
You hit the adder.
The adder is almost dead.
The adder barely misses you. The adder bites you.
You sock the adder!
You kill the adder!
Your Maces & Flails skill increases to level 6!
No target in view!
A dart slug comes into view.
A dart slug is nearby! 3 wights come into view.
A wight is wielding a +2 mace of protection.
The wight hits you from afar with a +2 halberd.
The wight hits you with a +2 mace of protection!
You feel drained.
You barely miss the wight. Your bite misses the wight.
The wight hits you from afar with a +2 halberd.
You feel drained.
The wight closely misses you. x2; The dart slug bites you.
The wight hits you but does no damage.
The wight hits you with a +2 mace of protection!
You feel drained. The wight barely misses you.
You are too injured to fight recklessly!
Unknown command.
The dart slug briefly extends its eye-stalks.
The wight attacks as it pursues you!
The wight hits you from afar with a +2 halberd!
* * * LOW HITPOINT WARNING * * *
You feel drained.
* * * LOW HITPOINT WARNING * * *
The wight attacks as it pursues you! The wight closely misses you.
The wight attacks as it pursues you! The wight closely misses you.
Unknown command.
You hit the wight but do no damage. You bite the wight, but do no damage.
The wight hits you with a +2 mace of protection.
* * * LOW HITPOINT WARNING * * *
You feel drained. The wight completely misses you.
The wight hits you with a +2 mace of protection!
You die...

.... .##...####..# ...#
... #....†.# #..# ..
#.##...### #..##.# #.
####..# #..#.### #. ##.#
#.z.z..###.. ##.##
#z..z...... ###...#
##z######...##..##.#
#######..@# #....# ##.
..........### ##....###.#
..#####.....##
#.....##..# ..#
#..#...###...#....##
....###.##......###).≈≈≈#
......#.†............≈∩≈#
#.....####.........≈.≈#
####...##..........^...
#........####.....##


You could see 3 wights.

Vanquished Creatures
  Sigmund (D:2)
  A scorpion (D:3)
  A wight (D:4)
  A hound (D:1)
  An orc priest (D:3)
  2 orc wizards
  A gnoll (D:1)
  7 adders
  A ribbon worm (D:2)
  3 dart slugs
  8 orcs
  8 endoplasms
  3 giant cockroaches
  8 hobgoblins
  4 quokkas
  5 ball pythons
  A bat (D:2)
  2 frilled lizards
  2 goblins
  6 kobolds
  3 rats
69 creatures vanquished.

Notes
Turn   | Place    | Note
-------+----------+-------------------------------------------
     0 | D:1      | Ajdolov the Vine Stalker Monk began the quest for the Orb.
     0 | D:1      | Reached XP level 1. HP: 11/11 MP: 2/2
    25 | D:1      | Reached XP level 2. HP: 16/16 MP: 3/3
   937 | D:1      | Reached XP level 3. HP: 7/21 MP: 4/4
   983 | D:2      | Reached XP level 4. HP: 19/26 MP: 3/5
  1063 | D:2      | Noticed Sigmund
  1073 | D:2      | Killed Sigmund
  1074 | D:2      | Reached skill level 5 in Fighting
  1074 | D:2      | Reached skill level 4 in Maces & Flails
  1074 | D:2      | Reached XP level 5. HP: 8/30 MP: 2/6
  1074 | D:2      | Reached XP level 6. HP: 9/35 MP: 2/7
  1535 | D:3      | Reached skill level 5 in Maces & Flails
  2159 | D:4      | Found Moiczaen's Magic Scroll Shop.
  2174 | D:4      | Bought a scroll of identify for 26 gold pieces
  2174 | D:4      | Bought a scroll of noise for 13 gold pieces
  2392 | D:4      | Reached XP level 7. HP: 39/39 MP: 8/8
  2514 | D:4      | Found Fuob's Antique Armour Shop.
  2603 | D:4      | Reached skill level 6 in Maces & Flails
  2621 | D:4      | Slain by a wight

Illustrated notes

Levels and vault maps discovered:
D:1:      dpeg_arrival_pond, layout_basic, bh_walls_and_bars
D:2:      layout_basic, uniq_sigmund
D:3:      layout_loops_ring
D:4:      layout_layer_cave, serial_shops, nicolae_shop_pleasant_corner_grove,
          nicolae_shop_tiny_waterfront, shop, feat_on_display

Skill      XL: |  1  2  3  4  5  6  7 |
---------------+----------------------+-----
Fighting       | 3 4 5 |  5.0
Maces & Flails | 4 5 6 |  6.0
Dodging        | |  2.4

Action                     |  1- 3 |  4- 6 |  7- 9 || total
---------------------------+-------+-------+-------++-------
  Melee: Mace              |     4 |       |       ||     4
         Bite              |     9 |    25 |     4 ||    38
         Flail             |    31 |   101 |    17 ||   149
    Use: Potion            |     1 |       |       ||     1
         Scroll            |       |     3 |       ||     3
 Armour: Robe              |    25 |     4 |       ||    29
         Ring mail         |       |    80 |    21 ||   101
  Dodge: Dodged            |    26 |    41 |    13 ||    80

Table legend: (Time is in decaauts)
 A = Elapsed time spent in this place.
 B = Non-inter-level travel time spent in this place.
 C = Inter-level travel time spent in this place.
 D = Time resting spent in this place.
 E = Time spent auto-exploring this place.
 F = Levels seen in this place.
 G = Mean time per level.
                   A        B        C        D        E       F      G
               +--------+--------+--------+--------+--------+-----+--------+
         Total |   2662 |   2615 |     47 |      9 |   2075 |   4 |  665.5 |
       Dungeon |   2662 |   2615 |     47 |      9 |   2075 |   4 |  665.5 |
               +--------+--------+--------+--------+--------+-----+--------+

Top non-repeatable levels by time:
     D:1: 947 daAuts
     D:3: 686 daAuts
     D:2: 551 daAuts
     D:4: 477 daAuts
